Nutella, chaotic male elven Priest --- ------- |*..| |..|..----- ---- |...| --......--.---.|.--- ----.|.--- |...........|......| |....|...| ---.-----............-- ---- --..-----.---- -.---- |...| --............| ----|..| -|.....| |.[..--.....-- ---.--- --....--.....| --..--..-- |....... ..|.---.| ---[.........| |...| |....|---..-- |........---------............- |.| |.........-------.--- ---..| |.-- ----............................|.|---|....)...--|..|...| ---- |.| --.|..--...---...............|^|..|--........--.)..--- ----.| -|.----..--.....................------`..........| |.....| |.| |.......---....--...........| |...<.......| |...--- |.| ---.....----...--...--......| --.... ....| ---...| |.| |........*..........`.....-----)... ..^-- |...--- |(| ---...--.-.................|-...... ...| -----...| |.--- |............a@.........-|....- ..- |..|....| |...| ---..........a......--.----.--- --......| --..| |..|.--.-->..|...----- --- ----...| --- ---------|..---..| --.-- ---- --- --- Nutella the Adept Experience level: 6 Strength: 17 Dexterity: 17 Constitution: 12 Intelligence: 9 Wisdom: 17 Charisma: 7 Health: 0(51) Energy: 79(99) Def: 9 Gold: 263 Moves: 3837 Dungeon seed: 8x4_n3sxhmnbmZRA Game ID: Nutella_1614539356 Your Inventory: Coins $ - 263 gold pieces Weapons a - a blessed +1 mace t - 9 +0 shuriken w - a +0 elven bow (alternate weapon; not wielded) x - a +0 silver saber E - 4 +0 elven arrows (in quiver) J - 8 +0 arrows K - 12 +2 arrows T - a corroded +0 aklys (weapon in hand) Armor e - a +0 robe (being worn) n - a +0 small shield (being worn) q - a +1 pair of leather gloves (being worn) r - a +0 dwarvish iron helm (being worn) Y - a blessed +0 pair of iron shoes (being worn) Comestibles c - a clove of garlic d - a sprig of wolfsbane C - 2 food rations U - 2 candy bars W - 2 fortune cookies Scrolls s - a scroll of earth G - a cursed scroll of enchant armor H - a scroll of scare monster L - a scroll of teleportation Spellbooks f - a spellbook of detect food g - a spellbook of healing u - a spellbook of polymorph I - a spellbook of blank paper Potions b - 2 potions of holy water i - a potion of fruit juice Z - a potion of restore ability Tools h - a magic marker (0:40) m - 3 wax candles (0:400) p - a tin whistle v - a partly used tallow candle (lit) (0:106) M - 2 tallow candles (0:200) X - a +0 pick-axe Gems k - a worthless piece of red glass l - a worthless piece of black glass y - a flint stone z - 2 worthless pieces of yellow glass A - a worthless piece of violet glass B - a worthless piece of green glass D - 2 worthless pieces of white glass N - an opal R - 3 worthless pieces of blue glass Spells and supernatural/magical abilities: Name Level Category Fail Memory h - healing 1 healing 0% 81% E - detect food 2 divination 51% 81% W - pray for help -- divine ? -- X - turn undead -- divine ? -- Your skills at the end: Fighting Skills Weapon Skills mace [Basic] Spellcasting Skills clerical spells [Basic] Final Attributes: You were piously aligned. You were sleep resistant. You had infravision. You were lucky. You are dead. Vanquished creatures: a gnome king a rock mole a shrieker a violet fungus 2 gnome lords a ghoul 2 giant ants a floating eye a kitten 7 dwarves a rabid rat a centipede 2 giant bats an orc zombie 2 dwarf zombies 2 wererats 2 iguanas a hobbit 4 yellow molds 3 green molds 25 gnomes 2 geckos 11 jackals a fox a kobold 2 goblins 4 sewer rats 2 grid bugs 4 bats 4 lichens 2 kobold zombies 7 newts 102 creatures vanquished. Voluntary challenges: You used a wielded weapon 164 times, starting on turn 20. You read items or engraved 1 time, starting on turn 1315. You never genocided any monsters. You never polymorphed an object. You never changed form. You used no wishes. You never split a pudding. You never wrote Elbereth's name. You never violated your personal moral code. Dungeon overview: The Dungeons of Doom: levels 1 to 4 Level 1 an altar to Mars a long staircase Level 2 a weapon shop Level 3 a general store Level 4 an altar to Mercury, some fountains stairs to The Gnomish Mines The Gnomish Mines: levels 5 to 7 Level 5 stairs to The Dungeons of Doom Level 6 <- You were here Level 7 History has recorded: On T:1 you entered the Dungeons of Doom to retrieve the Amulet of Yendor! On T:310 you advanced to experience level 2. On T:515 you reached level 2 of The Dungeons of Doom. On T:711 you advanced to experience level 3. On T:978 you reached level 3 of The Dungeons of Doom. On T:1587 you advanced to experience level 4. On T:1898 you reached level 4 of The Dungeons of Doom. On T:2252 you reached level 1 of The Gnomish Mines. On T:2368 you advanced to experience level 5. On T:3016 you advanced to experience level 6. On T:3264 you reached level 2 of The Gnomish Mines. On T:3443 you reached level 3 of The Gnomish Mines. Score breakdown: Gold: 263 ( 8237 points) Experience: 6 levels (12456 points) Exploration: 7 levels ( 14.58%) (10718 points) Discoveries: 13 items ( 4.53%) ( 6384 points) Valuables value: (no points given unless you survive) Artifact value: 0 ( 0 points) Variety of kills: 32 monsters ( 8.40%) ( 8694 points) Turncount: 3837 turns ( -963 points) Survival: died (score multiplied by 80%) Total score: 36420 Latest messages: There are several objects here. A trap door in the ceiling opens and a rock falls on your head! Fortunately, you are wearing a hard hat. K - 12 arrows. You have a little trouble lifting L - a scroll labeled FOOBIE BLETCH. You have a little trouble lifting m - a candle. You have a little trouble lifting M - 2 candles. You have a little trouble lifting D - a white gem. Your movements are slowed slightly because of your load. The giant ant misses. The giant ant just misses! The giant ant bites! (2x) The giant ant misses. The giant ant bites! The giant ant just misses! The giant ant bites! (7x) The giant ant misses. The giant ant bites! The giant ant misses. The giant ant bites! The giant ant misses. (4x) The giant ant bites! (2x) The giant ant misses. (4x) The giant ant bites! (2x) You die... Final status: Goodbye Nutella the Priest, killed by a giant ant... You died in The Gnomish Mines on dungeon level 6 with 36420 points, and 263 pieces of gold, after 3837 moves. You were level 6 with a maximum of 51 hit points when you died.